 Dungeon Crawl Stone Soup version 0.27-a0-1196-g3e9cee4cb2 (webtiles) character file.

Game seed: 17143481379294742911

13 EnegeticOcto the Stinger (level 2, 0/20 HPs)
             Began as a Gnoll Venom Mage on May 27, 2021.
             Slain by an adder (1 damage)
             ... on level 3 of the Dungeon.
             The game lasted 00:02:06 (244 turns).

EnegeticOcto the Stinger (Gnoll Venom Mage)          Turns: 244, Time: 00:02:07

Health: 0/20       AC:  4    Str:  7    XL:     2   Next: 37%
Magic:  2/7        EV: 13    Int: 14    God:
Gold:   10         SH:  0    Dex: 12    Spells: 7/10 levels left

rFire    . . .     SeeInvis .   (no weapon)
rCold    . . .     Faith    .   (no shield)
rNeg     . . .     Spirit   .   a - +0 robe
rPois    .         Reflect  .   c - +0 helmet
rElec    .         Harm     .   d - +0 cloak
rCorr    .         Rampage  .   (no gloves)
Will     .....                  (no boots)
Stlth    ++........             (no amulet)
HPRegen  0.06/turn              (no ring)
MPRegen  0.10/turn              (no ring)

@: lethally poisoned (0 -> -6)
A: fangs 1, strong nose, distributed training
a: no special abilities


You were on level 3 of the Dungeon.
You visited 1 branch of the dungeon, and saw 3 of its levels.

You collected 10 gold pieces.

Inventory:

Armour
 a - a +0 robe (worn)
 c - a +0 helmet (worn)
   (You found it on level 1 of the Dungeon)
 d - a +0 cloak (worn)
   (You found it on level 1 of the Dungeon)
Scrolls
 b - a scroll of immolation {unknown}
 f - a scroll of teleportation {unknown}


   Skills:
 + Level 0.4 Fighting
 + Level 0.4 Short Blades
 + Level 0.4 Long Blades
 + Level 0.4 Axes
 + Level 0.4 Maces & Flails
 + Level 0.4 Polearms
 + Level 0.4 Staves
 + Level 0.4 Slings
 + Level 0.4 Bows
 + Level 0.4 Crossbows
 + Level 0.4 Throwing
 + Level 0.4 Armour
 + Level 4.5 Dodging
 + Level 4.1 Stealth
 + Level 0.4 Shields
 + Level 0.4 Unarmed Combat
 + Level 4.9 Spellcasting
 + Level 0.2 Conjurations
 + Level 0.2 Hexes
 + Level 0.2 Summonings
 + Level 0.2 Necromancy
 + Level 0.2 Translocations
 + Level 2.0 Transmutations
 + Level 0.2 Fire Magic
 + Level 0.2 Ice Magic
 + Level 0.2 Air Magic
 + Level 0.2 Earth Magic
 + Level 5.3 Poison Magic
 + Level 0.5 Invocations
 + Level 0.4 Evocations


You had 7 spell levels left.
You knew the following spells:

 Your Spells              Type           Power      Damage    Failure   Level
a - Sting                 Tmut/Pois      52%        1d5       3%          1
b - Poisonous Vapours     Pois/Air       22%        N/A       9%          2

Your spell library contained the following spells:

 Spells                   Type           Power      Damage    Failure   Level
 Ignite Poison            Fire/Tmut/Pois 10%        N/A       19%         3
 Olgreb's Toxic Radiance  Pois           18%        N/A       19%         4
 Mephitic Cloud           Conj/Pois/Air  9%         N/A       24%         3


Dungeon Overview and Level Annotations

Branches:
Dungeon (3/15)

Altars:


Innate Abilities, Weirdness & Mutations

You have very sharp teeth.
Your uncanny sense of smell can sniff out nearby items.
Your experience applies equally to all skills.


Message History

You kill the endoplasm!
You have reached level 2!
Casting: Sting (safe; 4% risk of failure)
Confirm with . or Enter, or press ? or * to list all spells.
Aiming: Sting (safe; 4% risk of failure)
Press: ? - help, Shift-Dir - straight line, f - hobgoblin
Aim: a hobgoblin (71% to hit)
The sting hits the hobgoblin.
The hobgoblin is poisoned.
You kill the hobgoblin!
Your magical contamination has completely faded away.
Found a ring mail.
Found an escape hatch in the floor.
Found a stone staircase leading down.
f - a scroll labelled DEIDGH BYLAGYEGO You see here a hobgoblin corpse.
You see here a +0 ring mail.
There is a stone staircase leading down here.
Okay, then.
Sorry, you're not good enough to have a special ability.
Unknown command.
Memorise Poisonous Vapours, consuming 2 spell levels and leaving 7?
You start memorising the spell.
You continue memorising. x2
You finish memorising.
Spell assigned to 'b'.
You climb downwards.
A kobold and 5 dart slugs come into view.
The kobold is wielding a +2 whip of electrocution.
Found five items.
Found a stone staircase leading up.
There is a stone staircase leading up here.
Casting: Sting (safe; 3% risk of failure)
Confirm with . or Enter, or press ? or * to list all spells.
Aiming: Poisonous Vapours (safe; 9% risk of failure)
Press: ? - help, Dir - move target, f - kobold
Aim: a kobold, wielding a +2 whip of electrocution (asleep)
Okay, then.
Casting: Poisonous Vapours (safe; 9% risk of failure)
Confirm with . or Enter, or press ? or * to list all spells.
Aiming: Poisonous Vapours (safe; 9% risk of failure)
Press: ? - help, Dir - move target, f - kobold
Aim: a kobold, wielding a +2 whip of electrocution (asleep) Poisonous vapours surround the kobold!
The kobold shouts!
You hear an angry hiss.
The kobold is engulfed in poison gas.
The kobold is poisoned.
You kill the kobold!
You hear a splash.
A dart slug comes into view.
The dart slug launches a dart at you. The slug dart hits you.
The dart slug launches a dart at you. The slug dart misses you.
You see here 15 stones.
An adder comes into view.
The dart slug launches a dart at you. The slug dart hits you.
You see here 16 bolts.
You enter the shallow water.
Moving in this stuff is going to be slow.
Casting: Poisonous Vapours (safe; 9% risk of failure)
Confirm with . or Enter, or press ? or * to list all spells.
Aiming: Sting (safe; 3% risk of failure)
Press: ? - help, Shift-Dir - straight line, f - dart slug
Aim: a dart slug (100% to hit)
The sting hits the dart slug.
The dart slug is poisoned.
The dart slug is heavily wounded.
The dart slug launches a dart at you. The slug dart misses you.
A dart slug comes into view.
The dart slug launches a dart at you. The slug dart hits you.
* * * LOW HITPOINT WARNING * * *
You kill the dart slug!
It was a potion of magic.
Magic courses through your body. The adder bites you.
* * * LOW HITPOINT WARNING * * *
The adder closely misses you.
Casting: Sting (safe; 3% risk of failure)
Confirm with . or Enter, or press ? or * to list all spells.
Aiming: Poisonous Vapours (safe; 9% risk of failure)
Press: ? - help, Dir - move target, f - adder
Aim: an adder Poisonous vapours surround the adder!
The adder is poisoned.
The adder bites you but does no damage.
Casting: Poisonous Vapours (safe; 9% risk of failure)
Confirm with . or Enter, or press ? or * to list all spells.
Aiming: Sting (safe; 3% risk of failure)
Press: ? - help, Shift-Dir - straight line, f/p - adder
Aim: an adder (poisoned, 53% to hit)
The sting hits the adder.
The adder looks even sicker.
The adder is lightly wounded.
The adder bites you.
* * * LOW HITPOINT WARNING * * *
You are lethally poisoned!
The adder poisons you!
Casting: Sting (safe; 3% risk of failure)
Confirm with . or Enter, or press ? or * to list all spells.
Aiming: Poisonous Vapours (safe; 9% risk of failure)
Press: ? - help, Dir - move target, f/p - adder
Aim: an adder (moderately wounded, very poisoned) Poisonous vapours surround the adder!
* * * LOW HITPOINT WARNING * * *
You feel sick.
The adder is engulfed in poison gas.
The adder looks even sicker.
The adder bites you.
You die...

#..#≈≈≈≈#≈)≈≈≈≈w≈#
#.#.≈≈≈≈≈≈≈≈≈≈≈≈#.
#.#≈≈≈≈≈≈≈≈≈≈≈≈#≈≈
##.≈≈≈≈≈≈≈≈≈#≈≈!≈≈≈
#..≈≈≈.<.#...≈≈≈.≈≈
#...≈≈(....<.?.♣.≈
#..≈≈≈#(≈≈...≈≈).≈≈
##.≈S≈≈≈≈#≈≈≈≈≈≈≈≈≈
#.@†≈≈≈≈≈≈≈≈≈#≈w≈≈
#...≈≈≈≈≈≈#≈≈≈≈≈≈.
#..#≈≈≈###≈≈≈≈#≈≈#
#.###≈≈≈≈≈≈≈#≈≈≈ #
#. ##.≈≈≈≈≈≈≈w# ##∆
.##≈≈w ≈# ##.


You could see an adder (very poisoned).

Vanquished Creatures
  A dart slug (D:3)
  A ball python (D:1)
  An endoplasm (D:2)
  A hobgoblin (D:2)
  2 kobolds
  3 goblins
  A rat (D:1)
10 creatures vanquished.

Notes
Turn   | Place    | Note
-------+----------+-------------------------------------------
     0 | D:1      | EnegeticOcto the Gnoll Venom Mage began the quest for the
                  | Orb.
     0 | D:1      | Reached XP level 1. HP: 13/13 MP: 6/6
   124 | D:1      | Reached skill level 2 in Transmutations
   215 | D:2      | Reached XP level 2. HP: 11/19 MP: 1/7
   229 | D:2      | Learned a level 2 spell: Poisonous Vapours
   244 | D:3      | HP: 1/20 [poisoned by an adder]
   244 | D:3      | Slain by an adder

Illustrated notes

Levels and vault maps discovered:
D:1:      heliophobic_arrival_ceremonial_halls, layout_loops_ring, fountainhead,
          minmay_misc_feat_roman, lexackson_kobold_supper
D:2:      layout_basic, uniq_natasha
D:3:      kennysheep_slugbush, layout_basic, old_standard_altar, serial_shops,
          nicolae_shop_competitors_out_of_business,
          hellmonk_ecumenical_altar_inner_sanctum, uniq_robin

Skill      XL: |  1 |
---------------+----+-----
Transmutations | 2 |  2.0
Fighting       | |  0.4
Short Blades   | |  0.4
Long Blades    | |  0.4
Axes           | |  0.4
Maces & Flails | |  0.4
Polearms       | |  0.4
Staves         | |  0.4
Slings         | |  0.4
Bows           | |  0.4
Crossbows      | |  0.4
Throwing       | |  0.4
Armour         | |  0.4
Dodging        | |  4.5
Stealth        | |  4.1
Shields        | |  0.4
Unarmed Combat | |  0.4
Spellcasting   | |  4.9
Conjurations   | |  0.2
Hexes          | |  0.2
Summonings     | |  0.2
Necromancy     | |  0.2
Translocations | |  0.2
Fire Magic     | |  0.2
Ice Magic      | |  0.2
Air Magic      | |  0.2
Earth Magic    | |  0.2
Poison Magic   | |  5.3
Invocations    | |  0.5
Evocations     | |  0.4

Action                   || total
-------------------------++-------
Melee: Unarmed           ||     1
 Cast: Sting             ||    13
       Poisonous Vapours ||     3
  Use: Potion            ||     1
Armor: Robe              ||     1
Dodge: Dodged            ||     5

Table legend: (Time is in decaauts)
 A = Elapsed time spent in this place.
 B = Non-inter-level travel time spent in this place.
 C = Inter-level travel time spent in this place.
 D = Time resting spent in this place.
 E = Time spent auto-exploring this place.
 F = Levels seen in this place.
 G = Mean time per level.
                   A        B        C        D        E       F      G
               +--------+--------+--------+--------+--------+-----+--------+
         Total |    244 |    244 |      0 |      0 |      0 |   3 |   81.3 |
       Dungeon |    244 |    244 |      0 |      0 |      0 |   3 |   81.3 |
               +--------+--------+--------+--------+--------+-----+--------+

Top non-repeatable levels by time:
     D:1: 146 daAuts
     D:2: 83 daAuts
     D:3: 15 daAuts
